 Dungeon Crawl Stone Soup version 0.27-a0-1202-ge72e49191c (webtiles) character file.

Game seed: 5496065056160577668

322988 Ijustatesigmund the Impregnable (level 20, -5/202 HPs)
             Began as a Minotaur Berserker on June 3, 2021.
             Was the Champion of Trog.
             Killed from afar by a deep elf knight (40 damage)
             ... with a shard of ice
             ... on level 2 of the Elven Halls on June 4, 2021.
             The game lasted 01:56:01 (41428 turns).

Ijustatesigmund the Impregnable (MiBe)             Turns: 41428, Time: 01:56:25

Health: -5/202     AC: 46    Str: 26    XL:     20   Next: 29%
Magic:  6/6        EV: 10    Int:  4    God:    Trog [******]
Gold:   3033       SH: 23    Dex: 15    Spells: 19/19 levels left

rFire    . . .     SeeInvis .   A - +3 broad axe (antimagic)
rCold    . . .     Faith    .   c - +1 tower shield {AC+3}
rNeg     . . .     Spirit   .   b - +2 crystal plate armour
rPois    .         Reflect  .   (helmet restricted)
rElec    .         Harm     .   v - +1 cloak
rCorr    +         Rampage  +   S - +0 pair of gloves
Will     +++..     Clarity  +   E - +1 pair of boots "Woof" {Rampage}
Stlth    ..........             K - amulet of regeneration
HPRegen  2.43/turn              t - ring of resist corrosion
MPRegen  0.10/turn              q - +4 ring of protection

@: lethally poisoned (-5 -> -5), about to teleport, strong-willed, regenerating
A: horns 2, retaliatory headbutt, clarity, MP-powered wands
}: 3/15 runes: decaying, abyssal, gossamer
a: Renounce Religion, Berserk, Trog's Hand, Brothers in Arms


You were on level 2 of the Elven Halls.
You worshipped Trog.
Trog was exalted by your worship.
You visited 6 branches of the dungeon, and saw 33 of its levels.
You visited the Abyss 3 times.
You also visited: Bailey and Volcano.

You collected 3779 gold pieces.
You spent 746 gold pieces at shops.

Inventory:

Hand Weapons
 a - a +3 broad axe of flaming
 A - a +3 antimagic broad axe (weapon)
 B - a +5 war axe
Missiles
 j - 5 boomerangs of dispersal (quivered)
 C - 3 silver javelins
Armour
 b - a +2 crystal plate armour (worn)
 c - a +1 tower shield of protection (worn)
 v - a +1 cloak (worn)
 E - the +1 pair of boots "Woof" (worn) {Rampage}
   (You found it on level 13 of the Dungeon)

   It bestows one free step when moving towards enemies.
 J - a +2 plate armour of poison resistance
 N - +0 fire dragon scales
 S - a +0 pair of gloves (worn)
Jewellery
 d - a ring of positive energy
 e - a ring of protection from cold
 f - a ring of flight
 q - a +4 ring of protection (right hand)
 t - a ring of resist corrosion (left hand)
 D - an amulet of magic regeneration
 K - an amulet of regeneration (around neck)
 L - a ring of positive energy
 U - a ring of protection from fire
Wands
 s - a wand of paralysis (32)
 u - a wand of polymorph (19)
 w - a wand of iceblast (33)
 y - a wand of flame (51)
 F - a wand of digging (4)
 I - a wand of acid (18)
 V - a wand of charming (6)
Scrolls
 i - 7 scrolls of teleportation
 m - 22 scrolls of identify
 n - 3 scrolls of silence
 r - 4 scrolls of fear
 x - 3 scrolls of fog
 H - 2 scrolls of immolation
 R - a scroll of holy word
 W - a scroll of brand weapon
 X - a scroll of summoning
 Z - 2 scrolls of magic mapping
Potions
 g - 5 potions of attraction
 h - 6 potions of lignification
 l - 2 potions of might
 o - a potion of mutation
 p - 9 potions of flight
 z - 4 potions of curing
 G - 8 potions of cancellation
 M - 3 potions of berserk rage
 O - a potion of resistance
 P - 2 potions of haste
 Q - 4 potions of ambrosia
 T - a potion of heal wounds
 Y - 2 potions of magic
Miscellaneous
 k - a condenser vane


   Skills:
 + Level 22.6 Fighting
 + Level 20.9 Axes
 - Level 7.6 Throwing
 + Level 23.7 Armour
 - Level 11.4 Dodging
 - Level 16.8 Shields
 - Level 7.0 Evocations


You had 19 spell levels left.
You didn't know any spells.
Your spell library was empty.

Dungeon Overview and Level Annotations

Branches:
Dungeon (15/15)            Temple (0/1) D:6            Lair (6/6) D:9
  Swamp (4/4) Lair:2       Spider (4/4) Lair:3        Slime (0/5) Lair:6
    Orc (2/2) D:10            Elf (2/3) Orc:2        Vaults (0/5) D:13
 Depths (0/5) D:15         Bailey (visited)         Volcano (visited)

Altars:
Ru
Vehumet
Zin
Beogh

Shops:
D:4 *   D:7 *?   Orc:2 :[(*   Elf:2 (=

Portals:
Abyss: D:5

Annotations:
D:5 2 transporters, gareppa's ghost, novice GrFi
Elf:2 1 runed translucent door


Innate Abilities, Weirdness & Mutations

You have a pair of horns on your head.
You reflexively headbutt those who attack you in melee.
You possess an exceptional clarity of mind.
You expend magic power (3 MP) to strengthen your wands.


Message History

You block the deep elf zephyrmancer's attack.
Something hits you but does no damage.
The +0 antimagic lajatang closely misses you.
You furiously retaliate!
You headbutt the +0 antimagic lajatang, but do no damage.
Your skin crawls.
You feel strong-willed.
You feel very sick.
You block the +1 trident of protection's attack.
You hear some strange, mumbled words.
A shard of ice appears from out of thin air!
You block the shard of ice.
The +0 antimagic lajatang hits you but does no damage.
The +1 trident of protection hits you from afar.
A +0 dire flail of holy wrath comes into view.
The deep elf zephyrmancer gestures wildly while chanting.
The deep elf zephyrmancer blinks!
Something hits you but does no damage.
You hear a twanging sound.
An arrow appears from out of thin air!
The arrow hits you!
As you read the scroll of teleportation, it crumbles to dust.
You feel strangely unstable.
You feel very sick.
The +0 antimagic lajatang hits you but does no damage.
You block the +1 trident of protection's attack.
You hear a twanging sound.
An arrow appears from out of thin air!
The arrow hits you.
You block the +0 antimagic lajatang's attack.
The deep elf zephyrmancer casts a spell at you.
The bolt of lightning hits you!!!
* * * LOW HITPOINT WARNING * * *
The bolt of lightning misses the +0 antimagic lajatang.
Something hits you but does no damage.
You feel very sick.
You hear a twanging sound.
An arrow appears from out of thin air!
The arrow hits you but does no damage.
You block the +1 trident of protection's attack.
You hear some strange, mumbled words.
A shard of ice appears from out of thin air!
The shard of ice hits you!!!
You die...

###### #... ..
.....######
...# #...
####......#
...## ##....
########
#...##......
##.....{.....
##............
#.............
#...@()..(..#
##....)....#
##.){.(....#
##...........#
#.............
##...e........
##...........
##...#.......
##...###......


You could see a deep elf zephyrmancer and 3 dancing weapons.

Vanquished Creatures
  Bai Suzhen (Swamp:4)
  A bone dragon (Abyss:3)
  Arachne (Spider:2)
  The ghost of Sobaecef the Hoplite, an adept MiFi of Okawaru (Swamp:1)
  The ghost of Kicvotuo the Peltast, an adept DjFE of Makhleb (Swamp:4)
  Jorgrun (D:14)
  Rupert (Orc:2)
  2 thorn hunters
  3 tentacled starspawn (Abyss:3)
  Agnes (D:15)
  The ghost of Cinuhuh the Thaumaturge, an adept DrCj of Vehumet (Swamp:4)
  A draconian monk (Abyss:3)
  Donald (Swamp:4)
  A fenstrider witch (Swamp:1)
  The ghost of Esebbu the Spear-Bearer, an adept DsAK of Lugonu (Swamp:4)
  Roxanne (Spider:4)
  4 ghost moths
  2 deep elf sorcerers (Elf:1)
  An orc warlord (Orc:2)
  Louise (Swamp:3)
  5 emperor scorpions
  4 very ugly things (Abyss:3)
  A reaper (Abyss:3)
  Azrael (Orc:1)
  Nessos (Lair:4)
  A deep elf annihilator (Elf:1)
  2 entropy weavers
  2 bunyips
  3 spark wasps
  3 eleionomae
  4 ettins
  A merfolk javelineer (Abyss:3)
  Josephine (Orc:1)
  A fire dragon (Volcano)
  4 shambling mangroves
  3 boulder beetles
  An ice dragon (D:13)
  25 hydras
  4 ghost crabs
  A rakshasa (D:15)
  The ghost of Sosched the Thaumaturge, a journeyman GnWz of Sif Muna (Lair:1)
  5 centaur warriors (D:14)
  8 death yaks
  A death knight (D:15)
  7 alligators
  5 two-headed ogres
  3 tengu warriors
  Urug (Lair:5)
  15 dancing weapons
  4 orc high priests
  8 death scarabs (Spider:4)
  2 thrashing horrors (Abyss:3)
  12 deep elf knights
  4 wretched stars (Abyss:3)
  32 spriggans
  A sixfirhy (Abyss:3)
  4 skeletal warriors (D:14)
  A spatial maelstrom (Abyss:3)
  5 spriggan druids
  36 starcursed masses
  8 goliath frogs
  A deep troll (D:15)
  3 spectral wolf spiders (Spider:4)
  11 deep elf archers
  2 bog bodies (Swamp:2)
  12 swamp dragons
  11 orc knights
  2 wizards (Elf:1)
  7 lindwurms
  2 necromancers (D:15)
  24 deep elf zephyrmancers
  20 deep elf pyromancers
  2 manticores
  4 wolf spider zombies (Spider:4)
  22 orb spiders
  3 oklob plants (Lair:6)
  15 ugly things
  2 moths of wrath (Spider:4)
  3 worldbinders (Abyss:3)
  6 orc sorcerers
  4 cyclopes
  38 wolf spiders
  6 will-o-the-wisps
  11 elephants (Lair:6)
  5 black mambas
  3 smoke demons
  4 torpor snails
  2 gargoyles
  11 cane toads
  3 unseen horrors
  Maggie (D:7)
  5 rime drakes
  5 spectral redbacks (Spider:4)
  22 demonic crawlers
  3 redback zombies (Spider:4)
  2 ancient zymes (Abyss:3)
  3 efreet
  A freezing wraith (D:15)
  7 komodo dragons
  10 polar bears
  10 tyrant leeches
  31 hornets
  10 trolls
  50 jumping spiders
  2 spectral jumping spiders (Spider:4)
  A wind drake (shapeshifter) (D:15)
  2 spectral tarantellas (Spider:4)
  2 jumping spider zombies (Spider:4)
  13 slime creatures
  3 raiju (Abyss:3)
  12 blink frogs
  4 dream sheep (Lair:6)
  A meliai zombie (D:10)
  A spriggan (shapeshifter) (Elf:2)
  28 tarantellas
  A ynoxinul (Abyss:3)
  3 wyverns
  9 large abominations (Abyss:3)
  66 redbacks
  3 basilisks
  45 yaks
  4 wraiths
  6 steam dragons
  4 fire elementals
  2 neqoxecs (Abyss:3)
  22 vampire mosquitoes
  3 spatial vortices (Abyss:3)
  5 small abominations (Abyss:3)
  11 swamp worms
  A warg (Orc:1)
  15 water moccasins
  4 hell hounds
  2 spectral hornets (Spider:4)
  7 swamp drakes
  39 orc warriors
  A sky beast (D:8)
  3 black bears
  An ice beast (D:8)
  3 ogres
  A necrophage (D:6)
  34 wolves
  4 boggarts
  9 centaurs
  A kobold brigand (D:5)
  17 bullfrogs
  An earth elemental (Elf:1)
  A scorpion (D:7)
  A wyvern skeleton (D:7)
  A water moccasin skeleton (D:7)
  16 killer bees
  6 wights
  An electric eel (Spider:2)
  A bullfrog zombie (D:5)
  A lava snake (D:15)
  4 centaur zombies
  3 hounds (D:6)
  Crazy Yiuf (D:7)
  A centaur skeleton (D:7)
  15 orc priests
  2 iron imps (Abyss:3)
  5 iguanas
  Terence (D:2)
  22 orc wizards
  A killer bee zombie (D:6)
  A hound zombie (D:5)
  4 gnolls (D:3)
  7 adders
  A white imp (D:5)
  3 ufetubi
  A worm (D:2)
  4 dart slugs
  73 orcs
  3 ball pythons (D:1)
  7 bats
  5 endoplasms
  6 giant cockroaches
  5 goblins
  8 hobgoblins
  8 jackals
  3 quokkas
  3 frilled lizards (D:1)
  12 kobolds
  9 rats
  5 starspawn tentacles (Abyss:3)
1304 creatures vanquished.

Vanquished Creatures (collateral kills)
  The ghost of Delamore the Warrior, an adept FoFi of Okawaru (Swamp:4)
  The ghost of Qeywiq the Spear-Bearer, an adept DsAK of Lugonu (Swamp:4)
  A ghoul (Swamp:3)
  A boulder beetle (D:14)
  A skeletal warrior (D:14)
  3 ugly things (D:14)
  2 starcursed masses
10 creatures vanquished.

Vanquished Creatures (others)
  A fenstrider witch (Swamp:3)
  A ghost moth (Spider:3)
  2 alligators (Swamp:2)
  A dancing weapon (Elf:2)
  A deep elf knight (Elf:1)
  A shadow wraith (D:13)
  A spriggan druid (Swamp:3)
  A deep elf zephyrmancer (Elf:1)
  2 bloated husks
  An orc warrior (Bailey)
  2 ball lightnings (Swamp:4)
  36 foxfires
  63 fungi
  A lurking horror (Abyss:3)
  41 plants
  6 starspawn tentacles (Abyss:3)
161 creatures vanquished.

Grand Total: 1475 creatures vanquished

Notes
Turn   | Place    | Note
-------+----------+-------------------------------------------
     0 | D:1      | Ijustatesigmund the Minotaur Berserker began the quest for
                  | the Orb.
     0 | D:1      | Reached XP level 1. HP: 19/19 MP: 0/0
    82 | D:1      | Found a faded altar of an unknown god.
   103 | D:1      | Reached XP level 2. HP: 27/27 MP: 1/1
   388 | D:1      | Reached XP level 3. HP: 33/33 MP: 2/2
   518 | D:1      | Reached ** piety under Trog
   853 | D:1      | Reached skill level 5 in Axes
  1667 | D:2      | Noticed Terence
  1679 | D:2      | Killed Terence
  1680 | D:2      | Reached XP level 4. HP: 31/41 MP: 3/3
  2266 | D:3      | Reached XP level 5. HP: 47/47 MP: 4/4
  2362 | D:3      | Reached *** piety under Trog
  2529 | D:3      | Reached skill level 3 in Armour
  2560 | D:3      | Reached skill level 5 in Fighting
  2978 | D:4      | Found Nistaewe's General Store.
  2986 | D:4      | Bought a scroll of identify for 20 gold pieces
  2986 | D:4      | Bought a scroll of identify for 20 gold pieces
  2986 | D:4      | Bought a potion of curing for 30 gold pieces
  3169 | D:4      | You are sucked into a shaft and drop 1 floor!
  3169 | D:5      | Entered Level 5 of the Dungeon
  3177 | D:5      | Noticed a wraith
  3187 | D:5      | Killed a wraith
  3188 | D:5      | Reached skill level 1 in Shields
  3188 | D:5      | Reached XP level 6. HP: 37/56 MP: 5/5
  3529 | D:5      | Reached skill level 4 in Armour
  3575 | D:5      | Found a transporter.
  3583 | D:5      | Found a transporter.
  3593 | D:5      | Found a one-way gate to the infinite horrors of the Abyss.
  3593 | D:5      | Noticed gareppa's ghost (novice GrFi)
  3635 | D:5      | Noticed an orc warrior
  3644 | D:5      | Reached XP level 7. HP: 22/62 MP: 6/6
  4299 | D:5      | Noticed a two-headed ogre
  4304 | D:5      | Killed a two-headed ogre
  4305 | D:5      | Reached skill level 5 in Armour
  4305 | D:5      | Reached XP level 8. HP: 63/71 MP: 7/7
  4649 | D:6      | Found a staircase to the Ecumenical Temple.
  4765 | D:6      | Found a sacrificial altar of Ru.
  4966 | D:6      | Reached **** piety under Trog
  5323 | D:7      | Identified the +1 scale mail of Analysis {Rampage rF- Str-2
                  | Dex+8}
  5624 | D:7      | Noticed Maggie
  5640 | D:7      | Killed Maggie
  5641 | D:7      | Reached skill level 10 in Axes
  5641 | D:7      | Reached XP level 9. HP: 29/81 MP: 8/8
  6254 | D:7      | Reached skill level 5 in Dodging
  6432 | D:7      | Found a runed translucent door.
  6432 | D:7      | Noticed Crazy Yiuf
  6441 | D:7      | Killed Crazy Yiuf
  6529 | D:7      | Reached skill level 6 in Armour
  7131 | D:7      | Found Meilor's Magic Scroll Shoppe.
  7144 | D:7      | Reached skill level 7 in Armour
  7187 | D:7      | Found Ruzilut's Lightly-Used Armoury.
  7633 | D:8      | Reached XP level 10. HP: 81/93 MP: 9/9
  7786 | D:8      | Reached skill level 10 in Fighting
  7821 | D:8      | Reached skill level 8 in Armour
  8019 | D:8      | Identified a scroll of acquirement
  8019 | D:8      | Acquired a manual of Shields
  8036 | D:8      | You are sucked into a shaft and drop 1 floor!
  8385 | D:9      | Found a staircase to the Lair.
  8393 | D:9      | Acquired a +2 broad axe of flaming
  8469 | D:9      | Noticed a two-headed ogre
  8477 | D:9      | Killed a two-headed ogre
  8478 | D:9      | Reached skill level 5 in Shields
  9196 | D:10     | Entered Level 10 of the Dungeon
 10003 | D:10     | Reached ***** piety under Trog
 10150 | D:10     | Found a staircase to the Orcish Mines.
 10583 | D:11     | Reached XP level 11. HP: 93/102 MP: 10/10
 10695 | D:11     | Noticed an eight-headed hydra
 10702 | D:11     | Killed a six-headed hydra
 11226 | D:11     | Reached skill level 10 in Shields
 11327 | D:11     | Found a glowing silver altar of Zin.
 11327 | D:11     | Noticed an angel
 11335 | D:11     | Noticed a two-headed ogre
 11345 | D:11     | Killed a two-headed ogre
 11857 | D:12     | Noticed a brown ugly thing
 11873 | D:12     | Killed a brown ugly thing
 12099 | D:12     | Noticed a boulder beetle
 12113 | D:12     | Killed a boulder beetle
 12545 | D:12     | Reached XP level 12. HP: 103/115 MP: 11/11
 13138 | D:13     | Noticed a two-headed ogre
 13149 | D:13     | Killed a two-headed ogre
 13506 | D:13     | Identified the +1 pair of boots "Woof" {Rampage}
 13640 | D:13     | Noticed a two-headed ogre
 13648 | D:13     | Killed a two-headed ogre
 13778 | D:13     | Noticed a four-headed hydra
 13784 | D:13     | Killed a one-headed hydra
 14013 | D:13     | You fall into a shaft and drop 1 floor!
 14013 | D:14     | Noticed a tengu warrior
 14014 | D:14     | Noticed a tengu warrior
 14025 | D:14     | Killed a tengu warrior
 14026 | D:14     | Reached skill level 15 in Axes
 14026 | D:14     | Killed a tengu warrior
 14035 | D:14     | Noticed a centaur warrior
 14041 | D:14     | Killed a centaur warrior
 14052 | D:14     | Noticed a boulder beetle
 14053 | D:14     | Noticed a centaur warrior
 14053 | D:14     | Noticed a centaur warrior
 14057 | D:14     | Noticed a centaur warrior
 14065 | D:14     | Found a flagged portal.
 14074 | Bailey   | Entered a bailey
 14373 | Bailey   | Reached skill level 15 in Shields
 15065 | D:14     | Killed a centaur warrior
 15072 | D:14     | Killed a centaur warrior
 15076 | D:14     | Killed a centaur warrior
 15077 | D:14     | Reached XP level 13. HP: 125/125 MP: 12/12
 15109 | D:14     | Reached skill level 9 in Armour
 15109 | D:14     | Noticed Jorgrun
 15435 | D:14     | Killed Jorgrun
 15436 | D:14     | Reached skill level 10 in Armour
 16757 | D:15     | Entered Level 15 of the Dungeon
 17057 | D:13     | Noticed an ettin
 17070 | D:13     | HP: 6/187 [ice dragon (7)]
 17072 | D:13     | HP: 1/187 [ice dragon/blast of cold (5)]
 17073 | D:13     | Killed an ettin
 17076 | D:13     | Reached skill level 11 in Armour
 17497 | D:13     | Found a gate to the Vaults.
 17738 | D:7      | Bought a scroll of acquirement for 676 gold pieces
 17739 | D:7      | Acquired a manual of Armour
 17787 | Lair:1   | Entered Level 1 of the Lair of Beasts
 18275 | Lair:1   | Found a runed translucent gate.
 18275 | Lair:1   | Found a runed translucent gate.
 18275 | Lair:1   | Found a runed translucent gate.
 18277 | Lair:1   | Noticed Sosched's ghost (journeyman GnWz)
 18301 | Lair:1   | Killed Sosched's ghost
 18741 | Lair:1   | Identified the +9 scimitar of Guilt {elec, rElec}
 18788 | Lair:2   | Reached skill level 12 in Armour
 19270 | Lair:2   | Found a staircase to the Swamp.
 19300 | Lair:2   | Reached XP level 14. HP: 133/133 MP: 13/13
 19451 | Lair:2   | Received a gift from Trog
 19617 | Lair:2   | Reached skill level 15 in Fighting
 20261 | Lair:3   | Identified the +3 leather armour of Nesefues {+Blink rElec
                  | rF-}
 20461 | Lair:3   | Reached skill level 13 in Armour
 20496 | Lair:3   | Found a hole to the Spider Nest.
 21499 | Lair:4   | Noticed Nessos
 21999 | Lair:4   | Killed Nessos
 22179 | Lair:5   | Reached skill level 14 in Armour
 22189 | Lair:5   | Noticed Urug
 22206 | Lair:5   | Killed Urug
 22295 | Lair:5   | Identified the +4 long sword of Fevvupt {pain, rN+ Stlth+}
 22447 | Lair:5   | Reached skill level 1 in Throwing
 22485 | Lair:5   | Reached skill level 1 in Evocations
 22932 | Lair:6   | Entered Level 6 of the Lair of Beasts
 23038 | Lair:6   | Received a gift from Trog
 23122 | Lair:6   | Found a staircase to the Slime Pits.
 23195 | Lair:6   | Reached skill level 5 in Throwing
 23198 | Lair:6   | Reached XP level 15. HP: 128/141 MP: 14/14
 23270 | Lair:6   | Reached skill level 5 in Evocations
 24018 | Lair:6   | Received a gift from Trog
 24519 | Orc:1    | Entered Level 1 of the Orcish Mines
 24746 | Orc:1    | Found a dark tunnel.
 24753 | Volcano  | Entered a volcano
 25241 | Orc:1    | Found a runed translucent door.
 25245 | Orc:1    | Noticed Josephine
 25322 | Orc:1    | Killed Josephine
 25446 | Orc:2    | Entered Level 2 of the Orcish Mines
 25446 | Orc:2    | Found Qalall's Antique Weapon Boutique.
 25452 | Orc:1    | Received a gift from Trog
 25508 | Orc:2    | Reached skill level 15 in Armour
 25513 | Orc:2    | Found Vinkay's General Store.
 25530 | Orc:2    | Noticed Azrael
 25626 | Orc:1    | Killed Azrael
 25814 | Orc:2    | Found a radiant altar of Vehumet.
 25946 | Orc:2    | Paralysed by an orc sorcerer for 6 turns
 25955 | Orc:2    | Found Defolaopur's Antique Armour Shop.
 25975 | Orc:2    | Reached skill level 16 in Armour
 25980 | Orc:2    | Gained mutation: Potions are less effective at restoring
                  | your health. [a neqoxec]
 26065 | Orc:2    | Found Zudiwn's Book Shoppe.
 26074 | Orc:2    | Noticed Rupert
 26084 | Orc:2    | Killed Rupert
 26120 | Orc:2    | Found a staircase to the Elven Halls.
 26343 | Orc:2    | Noticed an orc warlord
 26357 | Orc:2    | Killed an orc warlord
 26658 | D:15     | Reached XP level 16. HP: 140/154 MP: 15/15
 26752 | D:15     | Noticed Agnes
 26770 | D:15     | Killed Agnes
 26771 | D:15     | Reached skill level 17 in Armour
 27168 | D:15     | Received a gift from Trog
 27316 | D:15     | Found a staircase to the Depths.
 27796 | Spider:1 | Entered Level 1 of the Spider Nest
 27864 | Spider:1 | Reached skill level 18 in Armour
 29391 | Spider:2 | Reached ****** piety under Trog
 29597 | Spider:2 | Received a gift from Trog
 29609 | Spider:2 | Reached skill level 19 in Armour
 30554 | Spider:3 | Noticed Arachne
 30585 | Spider:2 | Killed Arachne
 30678 | Spider:3 | Reached XP level 17. HP: 132/166 MP: 16/16
 32133 | Spider:4 | Entered Level 4 of the Spider Nest
 32386 | Spider:4 | Received a gift from Trog
 32423 | Spider:4 | Reached skill level 10 in Dodging
 32502 | Spider:4 | Paralysed by a hornet for 3 turns
 32746 | Spider:4 | Identified the +1 leather armour "Avuqotimp" {rN+ Will+
                  | Dex+2}
 32899 | Spider:4 | Identified Roxanne's Catalogue of Transmigration
 32899 | Spider:4 | Noticed Roxanne
 32931 | Spider:4 | Killed Roxanne
 33138 | Spider:4 | Received a gift from Trog
 33565 | Spider:4 | Reached XP level 18. HP: 117/173 MP: 17/17
 33624 | Spider:4 | Got a gossamer rune of Zot
 33645 | Spider:4 | Acquired a manual of Armour
 33664 | Spider:4 | Lost mutation: Potions are less effective at restoring your
                  | health. [potion of mutation]
 33664 | Spider:4 | Gained mutation: You expend magic power (3 MP) to
                  | strengthen your wands. [potion of mutation]
 33664 | Spider:4 | Gained mutation: You possess an exceptional clarity of
                  | mind. [potion of mutation]
 33851 | Swamp:1  | Entered Level 1 of the Swamp
 34069 | Swamp:1  | Paralysed by a fenstrider witch for 6 turns
 34075 | Swamp:1  | HP: 9/267 [goliath frog (7)]
 34479 | Swamp:1  | Found a runed translucent door.
 34484 | Swamp:1  | Noticed Sobaecef's ghost (adept MiFi)
 34519 | Swamp:1  | Killed Sobaecef's ghost
 34593 | Swamp:1  | Reached skill level 20 in Armour
 34620 | Swamp:2  | Received a gift from Trog
 35463 | Swamp:3  | Identified the +1 ring mail of Falik {rN+ SInv}
 35708 | Swamp:3  | Paralysed by a fenstrider witch for 4 turns
 35844 | Swamp:3  | Noticed Louise
 35855 | Swamp:3  | Cast into level 3 of the Abyss (Louise)
 35874 | Abyss:3  | Reached skill level 21 in Armour
 35877 | Abyss:3  | Got an abyssal rune of Zot
 36077 | Abyss:3  | Received a gift from Trog
 36194 | Swamp:3  | Escaped the Abyss
 36260 | Swamp:3  | Killed Louise
 36843 | Swamp:4  | Entered Level 4 of the Swamp
 36843 | Swamp:4  | Noticed Donald
 36859 | Swamp:4  | Killed Donald
 36959 | Swamp:4  | Reached XP level 19. HP: 189/189 MP: 18/18
 37158 | Swamp:4  | Reached skill level 22 in Armour
 37226 | Swamp:4  | Identified the +0 scale mail of the Moon Troll {Rampage
                  | *Slow rN+ Int+5}
 37338 | Swamp:4  | Got a decaying rune of Zot
 37359 | Swamp:4  | Found a runed translucent gate.
 37359 | Swamp:4  | Found a runed translucent gate.
 37359 | Swamp:4  | Found a runed translucent gate.
 37361 | Swamp:4  | Noticed Delamore's ghost (adept FoFi)
 37361 | Swamp:4  | Noticed Kicvotuo's ghost (adept DjFE)
 37362 | Swamp:4  | Noticed Cinuhuh's ghost (adept DrCj)
 37364 | Swamp:4  | Noticed Esebbu's ghost (adept DsAK)
 37364 | Swamp:4  | Noticed Qeywiq's ghost (adept DsAK)
 37365 | Swamp:4  | Noticed Bai Suzhen
 37395 | Swamp:4  | Killed Bai Suzhen
 37452 | Swamp:4  | Killed Kicvotuo's ghost
 37470 | Swamp:4  | Killed Delamore's ghost
 37488 | Swamp:4  | Killed Cinuhuh's ghost
 37488 | Swamp:4  | Received a gift from Trog
 37582 | Swamp:4  | Cast into level 3 of the Abyss (Esebbu's ghost)
 37589 | Abyss:3  | Found a corrupted altar of Lugonu.
 37854 | Swamp:4  | Escaped the Abyss
 37947 | Swamp:4  | Cast into level 3 of the Abyss (Esebbu's ghost)
 38191 | Abyss:3  | Noticed a bone dragon
 38204 | Abyss:3  | Paralysed by accursed screaming for 1 turns
 38217 | Abyss:3  | Killed a bone dragon
 38220 | Swamp:4  | Escaped the Abyss
 38314 | Swamp:4  | Killed Qeywiq's ghost
 38518 | Swamp:4  | Killed Esebbu's ghost
 38519 | Swamp:4  | Reached skill level 23 in Armour
 38988 | Elf:1    | Entered Level 1 of the Elven Halls
 38993 | Elf:1    | Identified the +7 executioner's axe of Bamed {vorpal,
                  | Will+} (Trog gifted it to you on level 1 of the Elven
                  | Halls)
 38993 | Elf:1    | Received a gift from Trog
 39564 | Elf:1    | Identified the +8 battleaxe "Sylu" {vorpal, rPois Str+5
                  | Int-2 Dex+2} (Trog gifted it to you on level 1 of the Elven
                  | Halls)
 39564 | Elf:1    | Received a gift from Trog
 40136 | Elf:1    | Reached XP level 20. HP: 148/200 MP: 6/19
 40818 | Elf:2    | Found Iwef's Jewellery Boutique.
 40848 | Elf:2    | Found Jujemes's Weapon Emporium.
 40861 | Elf:2    | Received a gift from Trog
 41297 | Elf:2    | Found a runed translucent door.
 41323 | Elf:2    | Found a runed translucent door.
 41428 | Elf:2    | Killed from afar by a deep elf knight

Illustrated notes

Levels and vault maps discovered:
D:1:      minmay_arrival_stone_box, layout_basic,
          hellmonk_ecumenical_altar_crossroads, minmay_vboxes
D:2:      layout_rooms, corexii_item_surrounded_by_moat, uniq_terence
D:3:      layout_loops_ring, kennysheep_generic_room_7
D:4:      layout_basic, serial_shops, shop, chequers_serial_rivers_micro_d,
          minmay_hedge_maze
D:5:      layout_loops_ring, gammafunk_ghost_abyssal_escape,
          chequers_serial_rivers_small_b
D:6:      layout_basic, lemuel_crystal_altar, minmay_temple_entry_ruins,
          serial_rivers, chequers_serial_rivers_small_a,
          chequers_serial_rivers_marsh, chequers_serial_rivers_micro_b,
          chequers_serial_rivers_micro_a, chequers_serial_rivers_micro_a,
          chequers_serial_rivers_room_a
D:7:      minmay_thick_lines, layout_loops_cross, serial_shops,
          nicolae_shop_window_shopping, minmay_shop_damaged, nrook_uturn,
          hangedman_abyss_or_decor_stagger, minmay_misc_feat_four_crosses,
          uniq_maggie, uniq_crazy_yiuf_cottage
D:8:      layout_loops_ring
D:9:      layout_basic, lair_entry_dummy
D:10:     layout_small_grid, erik_orc_1
D:11:     layout_roguey, zin_angel
D:12:     layout_cave_pools, kennysheep_generic_room_16
D:13:     layout_loops_ring, david_vaults_4
D:14:     layout_long_grid, portal_ice_cave_entry_pillars_2, enter_bailey_1,
          serial_park_square3 [serial_park_minivault_5x5_6],
          grunt_decor_one_mirror, uniq_jorgrun
D:15:     hangedman_depths_entry_civil_slaughter, layout_basic, uniq_agnes
Lair:1:   layout_small_grid, gammafunk_ghost_hydra_chop, grunt_megastairs_5
Lair:2:   layout_cave_pods, minmay_swamp_entry_reptiles, grunt_megastairs_3,
          serial_bayou_shore_b
Lair:3:   layout_roguey, nicolae_spider_entry_orb_guardian,
          infiniplex_staircase_pool_2
Lair:4:   layout_misc_corridors, uniq_nessos
Lair:5:   layout_loops_ring, uniq_urug
Lair:6:   minmay_lair_end_enchanted_forest, layout_cave_pods,
          minmay_slime_entry_oklob_open
Swamp:1:  layout_basic_swamp, gammafunk_ghost_grave, hangedman_swamp_diagram
Swamp:2:  layout_falls_marsh, hangedman_swamp_blocks, swamp_pool2
Swamp:3:  nzn_winding_woodlands_small [nzn_winding_woodlands_5x15_sidewinder,
          nzn_winding_woodlands_center_lodge, nzn_winding_woodlands_5x15_eye],
          layout_basic_swamp, nicolae_swamp_trees_clearing, swamp_pool1,
          infiniplex_staircase_pool, uniq_louise
Swamp:4:  swamp_alternative, layout_basic_swamp, gammafunk_ghost_cemetery,
          uniq_bai_suzhen, uniq_donald
Spider:1: layout_spider_delve
Spider:2: layout_spider_delve
Spider:3: layout_spider_delve, uniq_arachne
Spider:4: floodkiller_spider_rune_tomb, uniq_roxanne
Orc:1:    layout_diamond_mine, enter_volcano_4, lightli_church_of_beogh,
          uniq_josephine
Orc:2:    grunt_orc_gardens, layout_diamond_mine, grunt_orc_garden,
          grunt_orc_garden, grunt_orc_garden, grunt_orc_garden, basic_altar,
          uniq_rupert, uniq_azrael
Elf:1:    eino_elf_arrival_shootout, layout_geoelf_grid,
          hangedman_elf_disciples, grunt_megastairs_4
Elf:2:    layout_gridlike, serial_shops, shop, dk_noncrumbling_3,
          minmay_shop_star

Skill      XL: |  1  2  3  4  5  6  7  8  9 10 11 12 13 14 15 16 17 18 19 |
---------------+----------------------------------------------------------+-----
Axes           | 4 5 7 9 10 11 12 14 15 16 18 19 20 | 20.9
Fighting       | 4 5 6 8 9 11 13 14 15 16 18 20 21 22 | 22.6
Armour         | 3 4 5 7 8 12 14 16 19 21 23 | 23.7
Shields        | 1 2 4 8 12 15 16 | 16.8
Dodging        | 4 5 6 8 11 | 11.4
Throwing       | 5 7 |  7.6
Evocations     | 4 7 |  7.0

Action                   |  1- 3 |  4- 6 |  7- 9 | 10-12 | 13-15 | 16-18 | 19-21 || total
-------------------------+-------+-------+-------+-------+-------+-------+-------++-------
Melee: Hand axe          |   104 |    96 |   219 |    44 |       |       |       ||   463
       Headbutt          |    11 |    13 |    36 |   105 |   264 |   417 |   157 ||  1003
       Broad axe         |       |       |       |   388 |  1137 |  1610 |   847 ||  3982
Throw: Javelin           |       |       |       |       |       |     4 |       ||     4
Invok: Berserk           |       |     4 |     4 |    10 |    10 |     7 |     3 ||    38
       Trog's Hand       |       |       |     1 |     4 |     3 |     4 |     9 ||    21
       Brothers in Arms  |       |       |       |     1 |     2 |     2 |     3 ||     8
Evoke: Wand              |       |       |       |     4 |    11 |    14 |     6 ||    35
       Condenser vane    |       |       |       |       |     1 |     2 |     1 ||     4
  Use: Scroll            |     8 |     4 |     3 |     7 |    11 |     6 |     8 ||    47
       Potion            |       |       |     2 |     3 |     4 |     6 |     4 ||    19
 Stab: Distracted        |     1 |       |       |       |       |     2 |       ||     3
       Sleeping          |     2 |       |       |       |       |       |       ||     2
       Paralysed         |       |       |       |       |       |     4 |       ||     4
       Held in net/web   |       |       |       |       |       |     3 |       ||     3
Armor: Animal skin       |    25 |       |       |       |       |       |       ||    25
       Scale mail        |     4 |    37 |    72 |   160 |       |       |       ||   273
       Crystal plate arm |       |       |       |    25 |   512 |    50 |   142 ||   729
       Plate armour      |       |       |       |       |       |  1025 |   256 ||  1281
Dodge: Dodged            |    57 |    49 |    93 |   190 |   133 |   504 |   209 ||  1235
Block: Buckler           |       |     8 |    54 |   162 |       |       |       ||   224
       Tower shield      |       |       |       |    42 |  1209 |  1960 |   691 ||  3902

Table legend: (Time is in decaauts)
 A = Elapsed time spent in this place.
 B = Non-inter-level travel time spent in this place.
 C = Inter-level travel time spent in this place.
 D = Time resting spent in this place.
 E = Time spent auto-exploring this place.
 F = Levels seen in this place.
 G = Mean time per level.
                   A        B        C        D        E       F      G
               +--------+--------+--------+--------+--------+-----+--------+
         Total |  41865 |  39664 |   2201 |   8324 |  23624 |  38 | 1101.7 |
       Dungeon |  18311 |  17265 |   1046 |   4927 |  10185 |  15 | 1220.7 |
          Lair |   6823 |   6434 |    389 |    402 |   4936 |   6 | 1137.2 |
         Swamp |   4338 |   4118 |    220 |    594 |   2311 |   4 | 1084.5 |
   Spider Nest |   6014 |   5615 |    399 |    732 |   3564 |   4 | 1503.5 |
  Orcish Mines |   1716 |   1610 |    106 |    129 |    944 |   2 |  858.0 |
   Elven Halls |   2485 |   2445 |     40 |    791 |   1122 |   2 | 1242.5 |
         Abyss |    866 |    866 |      0 |    131 |    212 |   3 |  288.7 |
        Bailey |    960 |    960 |      0 |    592 |    205 |   1 |  960.0 |
       Volcano |    348 |    348 |      0 |     24 |    143 |   1 |  348.0 |
               +--------+--------+--------+--------+--------+-----+--------+

Top non-repeatable levels by time:
     D:7: 2148 daAuts
    D:14: 1922 daAuts
    D:13: 1846 daAuts
   Elf:1: 1764 daAuts
Spider:2: 1597 daAuts
Spider:4: 1558 daAuts
Spider:3: 1549 daAuts
    D:10: 1535 daAuts
     D:5: 1465 daAuts
  Lair:6: 1427 daAuts
    D:11: 1427 daAuts
  Lair:2: 1413 daAuts
 Swamp:4: 1398 daAuts
 Swamp:3: 1363 daAuts
Spider:1: 1309 daAuts
